 Dungeon Sprint DCSS version 0.21.1-1-g345015f (webtiles) character file.

478 equalderp2856 the Protected (level 6, 0/61 (63) HPs)
             Began as a Minotaur Fighter on May 25, 2018.
             Slain by an unseen horror (2 damage)
             ... in the Dungeon (Sprint II: "The Violet Keep of Menkaure").
             The game lasted 00:01:32 (496 turns).

equalderp2856 the Protected (Minotaur Fighter)       Turns: 496, Time: 00:01:33

HP:   0/61 (63)     AC:  0    Str: 21    XL:     6   Next: 86%
MP:   5/5           EV: 14    Int:  5    God:
Gold: 486           SH:  0    Dex: 11    Spells: 5/5 levels left

rFire    . . .     SeeInvis .   (weapon currently unavailable)
rCold    . . .     Gourm    .   (shield currently unavailable)
rNeg     . . .     Faith    .   (armour currently unavailable)
rPois    .         Spirit   .   (helmet currently unavailable)
rElec    .         Reflect  .   (cloak currently unavailable)
rCorr    .         Harm     .   (gloves currently unavailable)
MR       .....     NoTele   +   (boots currently unavailable)
Stlth    +.........             (no amulet)
HPRegen  0.20/turn              (ring currently unavailable)
MPRegen  0.09/turn              (ring currently unavailable)

@: pig-form, slowed
A: small, (retaliatory headbutt)
a: no special abilities


You were in the Dungeon.
You were not hungry.
You were a filthy swine.
You visited 1 branch You collected 486 gold pieces.

Inventory:

Hand Weapons
 a - a +0 war axe (melded)
Armour
 b - a +0 scale mail (melded)
 c - a +0 shield (melded)
Scrolls
 k - a scroll of blinking
Potions
 d - a potion of might
 e - a potion of curing
 g - a potion of heal wounds
 h - a potion of haste
 i - 2 potions of magic
 j - a potion of berserk rage
Comestibles
 f - a ration


   Skills:
 + Level 9.2 Fighting
 + Level 6.9 Axes
 + Level 10.8 Armour
 + Level 1.1 Dodging
 + Level 10.0 Shields


You had 5 spell levels left.
You didn't know any spells.

Dungeon Overview and Level Annotations

Branches:
Dungeon (1/1)

Altars:
Dithmenos
Elyvilon
Fedhas
Gozag
Kikubaaqudgha
Makhleb
Nemelex Xobeh
Okawaru
Ru
Sif Muna
Trog
Uskayaw
Vehumet
Xom
Yredelemnul
Zin
Jiyva
Lugonu

Shops:
D (:=!?!

Annotations:
D exclusion: orange crystal statue, Kirke


Innate Abilities, Weirdness & Mutations

((You reflexively headbutt those who attack you in melee.))
((You have a pair of horns on your head.))


Message History

Found three altars.
Found a shimmering altar of Xom and a sacrificial altar of Ru.
You found a spear trap!
You found a bolt trap!
An arrow hits the skeletal warrior, but does no damage!
Really walk into that bolt trap?
You avoid triggering a bolt trap.
There is a bolt trap here.
A deep elf master archer comes into view.
The deep elf master archer shouts!
The deep elf master archer wields a longbow.
The deep elf master archer shoots an arrow.
The arrow hits you!!
* * * LOW HITPOINT WARNING * * *
You see here an arrow.
You open the door. Something hits you!
* * * LOW HITPOINT WARNING * * *
Deactivating autopickup; reactivate with Ctrl-A.
Something hits you.
You die...

####+#### ##§§§≈§≈§##
##§§§≈§§≈≈§##
+≈§§≈§8§§§≈§##++## ##
§≈§≈§§§§§##≈...### .≈#
§§≈§≈ e≈.....#
#≈≈#+++#''+#####....#
≈≈≈Kz@......#$.'h.(.#
≈≈≈≈.##+##c.#.(####^#
≈≈≈≈##. .##z#### +.###
≈≈≈≈#.w w.#....# #...#
≈≈### .#$ ###..## ##z.#
≈##.###+# #.##..# +^.#
≈#...##.##.###..# #^.# # ≈
#.÷.<.†##.'..####c.##.#
#...##.##...#..(.###...##▓▓


There were no monsters in sight!

Vanquished Creatures
  Menkaure (D)
  4 necrophages (D)
  3 worms (D)
8 creatures vanquished.

Vanquished Creatures (others)
  A crocodile (D)
1 creature vanquished.

Grand Total: 9 creatures vanquished

Notes
Turn   | Place    | Note
-------+----------+-------------------------------------------
     0 | D        | equalderp2856 the Minotaur Fighter began the quest for the Orb.
     0 | D        | Reached XP level 1. HP: 19/19 MP: 0/0
     1 | D        | Noticed a tyrant leech
     1 | D        | Noticed a tyrant leech
     5 | D        | Noticed a hippogriff
     5 | D        | Noticed a hippogriff
     9 | D        | Noticed a necrophage
     9 | D        | Noticed a necrophage
     9 | D        | Noticed a necrophage
     9 | D        | Noticed a necrophage
    15 | D        | Killed a necrophage
    15 | D        | Reached XP level 2. HP: 13/30 MP: 1/1
    15 | D        | Reached XP level 3. HP: 16/37 MP: 2/2
    15 | D        | Reached XP level 4. HP: 19/44 MP: 3/3
    23 | D        | Killed a necrophage
    23 | D        | Reached XP level 5. HP: 22/51 MP: 4/4
    29 | D        | Killed a necrophage
    29 | D        | Reached skill level 5 in Axes
    34 | D        | Killed a necrophage
    34 | D        | Reached skill level 10 in Armour
    34 | D        | Reached XP level 6. HP: 24/60 MP: 5/5
   243 | D        | Noticed Menkaure
   246 | D        | Noticed an orange crystal statue
   250 | D        | Killed Menkaure
   250 | D        | Reached skill level 1 in Dodging
   250 | D        | Reached skill level 10 in Shields
   280 | D        | Found Lis Sudi's Distillery.
   280 | D        | Found Isusane's Magic Scroll Boutique.
   280 | D        | Found Cobbuno's Distillery.
   281 | D        | Found Geres's Antique Weapon Shop.
   281 | D        | Found Zagoabu's Book Shop.
   281 | D        | Found Xoff's Jewellery Boutique.
   462 | D        | Noticed Kirke
   462 | D        | Noticed a kobold demonologist
   462 | D        | Noticed a skeletal warrior
   463 | D        | Noticed a yaktaur captain
   463 | D        | Noticed a centaur warrior
   477 | D        | Found an iron altar of Okawaru.
   477 | D        | Found an opulent altar of Gozag.
   478 | D        | Found a sparkling altar of Nemelex Xobeh.
   478 | D        | Found a blossoming altar of Fedhas.
   479 | D        | Found a radiant altar of Vehumet.
   479 | D        | Found a burning altar of Makhleb.
   479 | D        | Found a white marble altar of Elyvilon.
   480 | D        | Found a hide-covered altar of Uskayaw.
   480 | D        | Found a corrupted altar of Lugonu.
   480 | D        | Found a shadowy altar of Dithmenos.
   481 | D        | Found a glowing silver altar of Zin.
   481 | D        | Found a bloodstained altar of Trog.
   481 | D        | Found an ancient bone altar of Kikubaaqudgha.
   482 | D        | Found a basalt altar of Yredelemnul.
   482 | D        | Found a deep blue altar of Sif Muna.
   482 | D        | Found a viscous altar of Jiyva.
   483 | D        | Found a shimmering altar of Xom.
   483 | D        | Found a sacrificial altar of Ru.
   493 | D        | Noticed a deep elf master archer
   496 | D        | HP: 2/61 [something (7)]
   496 | D        | Slain by an unseen horror

Skill      XL: |  1  2  3  4  5  6 |
---------------+-------------------+-----
Fighting       | 6 7 8 9 |  9.2
Axes           | 3 4 5 6 |  6.9
Armour         | 7 8 10 | 10.8
Shields        | 6 7 9 10 | 10.0
Dodging        | 1 |  1.1

Action                   |  1- 3 |  4- 6 || total
-------------------------+-------+-------++-------
Melee: War axe           |     5 |    31 ||    36
       Headbutt          |     1 |     9 ||    10
Armor: Scale mail        |       |     4 ||     4
Dodge: Dodged            |     2 |     6 ||     8
Block: Shield            |     1 |    15 ||    16
